cohdb
Replays
Latest Replays
All Replays
Popular Replays
Top Player Replays
Match Explorer
How It Works
Community
CoH3 Stats
Reddit
Sign in to upload your games and track your stats! →
Sign in with Steam
Match 43737961
Unlisted
Match 43737961
Overview
Messages
Build Orders
End
Construct Infanterie Kompanie
Selects Mechanized Battlegroup
Grenadier Squad
Grenadier Squad
Grenadier Squad
Grenadier Squad
Construct Luftwaffe Kompanie
221 Scout Car
Support Elements
Jäger Squad
Marder III M Tank Destroyer
Jäger Squad
Marder III M Tank Destroyer
Selects Raid Package
Selects 8 Rad Armored Car
Selects Mobile Repair Stations
221 Scout Car
8 Rad Armored Car
Selects Wespe Self-propelled Artillery
Wespe Self-propelled Artillery
Selects Zeroing Artillery Barrage
뚜르자
matrix4x4
夜明
Skein96
SimplyFinny
chokladkopp
SHANHAI
Johnny English
0
0
Comments
sign in to comment!
No comments posted yet!